 Dungeon Crawl Stone Soup version 0.27.1-33-g824d729ab1 (webtiles) character file.

Game seed: 10141995178047356367

16 manyhoops the Ruffian (level 2, 0/22 HPs)
             Began as a Palentonga Transmuter on Nov 5, 2021.
             Slain by a rat (1 damage)
             ... on level 2 of the Dungeon on Nov 29, 2021.
             The game lasted 00:01:20 (1478 turns).

manyhoops the Ruffian (Palentonga Transmuter)       Turns: 1478, Time: 00:01:21

Health: 0/22       AC:  4    Str: 13    XL:     2   Next: 37%
Magic:  5/5        EV:  9    Int: 13    God:
Gold:   58         SH:  0    Dex: 10    Spells: 4/5 levels left

rFire    . . .     SeeInvis +     - Unarmed
rCold    . . .     Faith    .   (no shield)
rNeg     . . .     Spirit   .   a - +0 robe
rPois    .         Reflect  .   (no helmet)
rElec    .         Harm     .   (no cloak)
rCorr    .         Rampage  .   (no gloves)
Will     .....                  (no barding)
Stlth    +.........             (no amulet)
HPRegen  0.07/turn              (no ring)
MPRegen  0.09/turn              (no ring)

@: no status effects
A: large, rugged brown scales 3, see invisible, deformed body, roll 1, armoured
tail
a: Rolling Charge


You were on level 2 of the Dungeon.
You visited 1 branch of the dungeon, and saw 2 of its levels.

You collected 58 gold pieces.

Inventory:

Armour
 a - a +0 robe (worn)
Scrolls
 c - a scroll of torment {unknown}
 d - a scroll of silence {unknown}
 e - a scroll of blinking {unknown}
 f - a scroll of identify {unknown}
Potions
 b - a potion of lignification {unknown}


   Skills:
 + Level 1.0 Fighting
 + Level 1.6 Dodging
 * Level 3.7 Unarmed Combat
 + Level 2.0 Spellcasting
 + Level 2.0 Transmutations


You had 4 spell levels left.
You knew the following spells:

 Your Spells              Type           Power      Damage    Failure   Level
a - Beastly Appendage     Tmut           12%        N/A       11%         1

Your spell library contained the following spells:

 Spells                   Type           Power      Damage    Failure   Level
 Wereblood                Tmut           6%         N/A       17%         2
 Foxfire                  Conj/Fire      4%         2x1d4     26%         1
 Spider Form              Tmut/Pois      2%         N/A       45%         3
 Conjure Flame            Conj/Fire      1%         6-21      58%         3
 Inner Flame              Hex/Fire       1%         N/A       58%         3
 Ice Form                 Ice/Tmut       4%         N/A       86%         4


Dungeon Overview and Level Annotations

Branches:
Dungeon (2/15)

Altars:


Innate Abilities, Weirdness & Mutations

You are completely covered in rugged brown scales. (AC +3, +7% HP)
You have supernaturally acute eyesight. (SInv)
Armour fits poorly on your strangely shaped body.
You can roll at nearby foes to attack.
You have a long armoured tail.


Message History

A rat is nearby!
A rat is nearby!
The rat bites you but does no damage. The rat bites you.
The rat bites you but does no damage. The rat bites you. The rat bites you.
The rat bites you. The rat bites you but does no damage. The rat bites you.
The rat closely misses you. The rat barely misses you.
The rat bites you but does no damage. The rat bites you but does no damage.
The rat bites you but does no damage. The rat bites you but does no damage.
The rat bites you but does no damage. The rat bites you.
The rat barely misses you. The rat bites you. The rat barely misses you.
The rat bites you but does no damage. The rat bites you.
The rat barely misses you. The rat bites you.
* * * LOW HITPOINT WARNING * * *
The rat barely misses you. The rat bites you.
* * * LOW HITPOINT WARNING * * *
The rat bites you but does no damage. The rat bites you but does no damage.
The rat bites you but does no damage. The rat bites you.
* * * LOW HITPOINT WARNING * * *
The rat bites you.
* * * LOW HITPOINT WARNING * * *
The rat bites you but does no damage. The rat misses you. The rat bites you.
You die...

# ######### #.
#.......## #..
#...#....#
#...#..#.#...#
#..$..#._.#..# ##
#....r@#.#...# .
.........#....#######.#
#...................#.#
#........#####.#......#
##.####### #.#.#..#...
.. #.#.#(## # .
#.#.#..# #.#.##.#
#.#.##.#


You could see a rat.

Vanquished Creatures
  3 endoplasms (D:1)
  2 hobgoblins (D:1)
  A quokka (D:1)
  3 ball pythons (D:1)
  3 bats (D:1)
  2 goblins (D:1)
  A kobold (D:1)
  A rat (D:1)
16 creatures vanquished.

Notes
Turn   | Place    | Note
-------+----------+-------------------------------------------
     0 | D:1      | manyhoops the Palentonga Transmuter began the quest for the
                  | Orb.
     0 | D:1      | Reached XP level 1. HP: 16/16 MP: 3/3
   681 | D:1      | Reached XP level 2. HP: 21/22 MP: 5/5
  1409 | D:1      | Upgraded the game from 0.27.1-4-g1640c2035a to
                  | 0.27.1-33-g824d729ab1
  1429 | D:2      | Found a faded altar of an unknown god.
  1475 | D:2      | HP: 1/22 [rat (1)]
  1478 | D:2      | Slain by a rat

Illustrated notes

Levels and vault maps discovered:
D:1:      lightli_arrival_chessboard, layout_loops_corners,
          hangedman_decor_growths
D:2:      layout_basic, serial_shops, shop,
          chequers_ecumenical_altar_simple_redux, minmay_misc_feat_doors

Action                   || total
-------------------------++-------
Melee: Unarmed           ||    45
       Tailslap          ||     2
       Punch             ||     1
 Cast: Beastly Appendage ||     1
Armor: Robe              ||    33
Dodge: Dodged            ||    25
